 Dungeon Crawl Stone Soup version 0.31-a0-319-g4fced400ed (webtiles) character file.

Game seed: 15364319311304375386

608608 juan097 the Slayer (level 26, -16/254 HPs)
             Began as a Grey Draconian Fighter on July 16, 2023.
             Was a High Priest of Nemelex Xobeh.
             Demolished by a daeva
             ... wielding a +4 scimitar of holy wrath
             ... summoned by a seraph
              (23 damage)
             ... on level 1 of the Realm of Zot on July 17, 2023.
             The game lasted 04:47:22 (91492 turns).

juan097 the Slayer (Grey Draconian Fighter)        Turns: 91492, Time: 04:47:23

Health: -16/254    AC: 25    Str: 24    XL:     26   Next: 69%
Magic:  26/38      EV: 30    Int: 14    God:    Nemelex Xobeh [*****.]
Gold:   3241       SH: 25    Dex: 27    Spells: 25/33 levels left

rFire   + . .        a - +9 demon blade (heavy)
rCold   + . .        o - +2 kite shield {rPois}
rNeg    . . .        (body armour unavailable)
rPois   +            r - +1 hat "Vibecseh" {rPois Will+}
rElec   +            n - +2 cloak {rF+}
rCorr   +            V - +0 pair of gloves of the Demon Prince {rCorr Int+3}
SInv    .            P - +2 pair of boots
Will    ++...        g - amulet of Wacoxy {Reflect rC+ SH+5}
Stlth   +            h - +6 ring of dexterity {=R}
HPRegen 0.62/turn    y - ring "Qaycoos" {rElec Str+6}
MPRegen 0.26/turn

%: reflection
@: mighty, wereblooded, hasted, glowing, very quick
A: AC +17, amphibious, unfitting armour, cold-blooded, deterioration 2
0: Orb of Zot
}: 3/15 runes: decaying, serpentine, abyssal
a: Renounce Religion, Draw Escape, Draw Destruction, Draw Summoning, Triple
Draw, Deal Four, Stack Five


You were on level 1 of the Realm of Zot.
You worshipped Nemelex Xobeh.
Nemelex Xobeh was extremely pleased with you.
You visited 11 branches of the dungeon, and saw 50 of its levels.
You visited the Abyss 2 times.
You visited 1 bazaar.
You also visited: Bailey, Volcano and Wizlab.

You collected 6785 gold pieces.
You spent 3544 gold pieces at shops.

Inventory:

Hand Weapons
 a - a +9 heavy demon blade (weapon)
 b - a +9 demon blade of freezing
 w - a +6 dagger
Missiles
 j - 5 curare-tipped darts
 z - 4 javelins
 G - 3 silver javelins (quivered)
 M - 2 throwing nets
Armour
 n - a +2 cloak of fire resistance (worn)
 o - a +2 kite shield of poison resistance (worn)
 r - the +1 hat "Vibecseh" (worn) {rPois Will+}
   (You found it on level 1 of the Realm of Zot)

   rPois:     It protects you from poison.
   Will:      It increases your willpower.
 P - a +2 pair of boots (worn)
 V - the +0 pair of gloves of the Demon Prince (worn) {rCorr Int+3}
   (You found it on level 2 of the Snake Pit)

   Int:       It affects your intelligence (+3).
   rCorr:     It protects you from acid and corrosion.
Jewellery
 g - the amulet of Wacoxy (around neck) {Reflect rC+ SH+5}
   (You took it off a naga on level 4 of the Snake Pit)

   [amulet of reflection]

   It reflects blocked missile attacks.
   rC:        It protects you from cold.
   SH:        It affects your SH (+5).
 h - a +6 ring of dexterity (left hand) {=R}
 y - the ring "Qaycoos" (right hand) {rElec Str+6}
   (You found it on level 13 of the Dungeon)

   [ring of strength]

   Str:       It affects your strength (+6).
   rElec:     It insulates you from electricity.
 F - a ring of willpower
 H - a ring of see invisible
 X - a ring of positive energy
 Z - a ring of protection from fire
Wands
 x - a wand of light (27)
 R - a wand of digging (8)
 S - a wand of roots (7)
Scrolls
 e - 18 scrolls of teleportation
 k - 7 scrolls of fog
 l - 4 scrolls of summoning
 q - a scroll of enchant weapon
 t - 9 scrolls of poison
 E - 7 scrolls of blinking
 J - 5 scrolls of enchant armour
 T - 6 scrolls of revelation
 U - 5 scrolls of silence
Potions
 c - 3 potions of might
 f - 3 potions of resistance
 i - 7 potions of enlightenment
 m - 20 potions of curing
 s - 4 potions of invisibility
 u - a potion of haste
 A - 11 potions of attraction
 B - 10 potions of lignification
 C - 3 potions of magic
 K - 2 potions of heal wounds
 N - 3 potions of ambrosia
 Q - 4 potions of cancellation
 Y - 4 potions of berserk rage
Miscellaneous
 d - a lightning rod (4/4)
 p - a phantom mirror
 v - a sack of spiders
 I - a phial of floods
 W - a tin of tremorstones (2/2)


   Skills:
 - Level 24.0 Fighting
 - Level 9.7(12.9) Short Blades
 + Level 13.7(14.9) Long Blades
 - Level 4.0 Ranged Weapons
 - Level 19.0 Throwing
 - Level 18.0 Dodging
 - Level 8.0 Stealth
 - Level 20.0 Shields
 - Level 4.0 Spellcasting
 - Level 6.0 Translocations
 - Level 10.0 Transmutations
 - Level 10.0 Earth Magic
 - Level 22.0 Invocations
 - Level 12.0 Evocations


You had 25 spell levels left.
You knew the following spells:

 Your Spells              Type           Power      Damage    Failure   Level
a - Passwall              Tmut/Erth      25%        N/A       1%          2
b - Wereblood             Tmut           30%        N/A       1%          2
c - Blink                 Tloc           38%        N/A       3%          2
d - Lesser Beckoning      Tloc           38%        N/A       3%          2

Your spell library contained the following spells:

 Spells                   Type           Power      Damage    Failure   Level
 Petrify                  Tmut/Erth      30%        N/A       3%          4
 Gell's Gravitas          Tloc           19%        N/A       6%          3
 Teleport Other           Tloc           19%        N/A       6%          3
 Stone Arrow              Conj/Erth      32%        3d9       9%          3
 Momentum Strike          Conj/Tloc      22%        3d8       11%         2
 Lee's Rapid Deconstruct  Erth           15%        3d10*     11%         5
 Ignite Poison            Fire/Tmut/Pois 12%        N/A       19%         3
 Portal Projectile        Hex/Tloc       22%        N/A       21%         3
 Vhi's Electric Charge    Tloc/Air       22%        N/A       21%         3
 Volatile Blastmotes      Fire/Tloc      22%        2d11      21%         3
 Manifold Assault         Tloc           19%        N/A       21%         4
 Passage of Golubria      Tloc           19%        N/A       21%         4
 Freeze                   Ice            8%         1d3       24%         1
 Shock                    Conj/Air       8%         1d3       24%         1
 Slow                     Hex            8%         N/A       24%         1
 Summon Small Mammal      Summ           8%         N/A       24%         1
 Cigotuvi's Dreadful Rot  Necr/Pois/Air  4%         N/A       34%         2
 Ensorcelled Hibernation  Hex/Ice        4%         N/A       34%         2
 Scorch                   Fire           4%         2d5       34%         2
 Searing Ray              Conj           4%         2d4       34%         2
 Static Discharge         Conj/Air       4%         2-3/arc   34%         2
 Sublimation of Blood     Necr           2%         N/A       34%         2
 Call Canine Familiar     Summ           2%         N/A       56%         3
 Confusing Touch          Hex            2%         N/A       56%         3
 Dazzling Flash           Conj/Hex       4%         N/A       56%         3
 Frozen Ramparts          Ice            4%         1d1       56%         3
 Hailstorm                Conj/Ice       2%         3d3       56%         3
 Inner Flame              Hex/Fire       2%         N/A       56%         3
 Summon Guardian Golem    Hex/Summ       2%         N/A       56%         3
 Swiftness                Air            2%         N/A       56%         3
 Tukima's Dance           Hex            2%         N/A       56%         3
 Vampiric Draining        Necr           2%         2d6       56%         3
 Iskenderun's Mystic Bla  Conj/Tloc      11%        2d4       56%         4
 Alistair's Intoxication  Tmut/Pois      10%        N/A       63%         5
 Borgnjor's Vile Clutch   Necr/Erth      8%         N/A       63%         5
 Irradiate                Conj/Tmut      8%         3d14      63%         5
 Yara's Violent Unravell  Hex/Tmut       8%         3d5       63%         5
 Summon Forest            Summ/Tloc      5%         N/A       88%         5
 Airstrike                Air            1%         2d(1-17)  93%         4
 Cause Fear               Hex            1%         N/A       93%         4
 Dispel Undead            Necr           2%         3d7       93%         4
 Flame Wave               Conj/Fire      2%         2d4       93%         4
 Fulminant Prism          Conj/Hex       1%         3d5       93%         4
 Sticky Flame             Conj/Fire      2%         2d3       93%         4
 Summon Ice Beast         Ice/Summ       2%         N/A       93%         4
 Summon Lightning Spire   Summ/Air       2%         N/A       93%         4
 Dispersal                Tloc           9%         N/A       97%         6
 Eringya's Noxious Bog    Tmut/Pois      8%         4d6       99%         6
 Leda's Unmaking          Conj/Erth      8%         9d2       99%         6
 Arcjolt                  Conj/Air       1%         1d11      100%        5
 Fireball                 Conj/Fire      1%         3d3       100%        5
 Iskenderun's Battlesphe  Conj           2%         2d6       100%        5
 Metabolic Englaciation   Hex/Ice        1%         N/A       100%        5
 Silence                  Hex/Air        1%         N/A       100%        5
 Summon Mana Viper        Hex/Summ       2%         N/A       100%        5
 Conjure Ball Lightning   Conj/Air       1%         3x3d6     100%        6
 Death Channel            Necr           1%         N/A       100%        6
 Simulacrum               Ice/Necr       1%         N/A       100%        6
 Starburst                Conj/Fire      1%         6d3       100%        6
 Summon Cactus Giant      Summ           1%         N/A       100%        6
 Enfeeble                 Hex            1%         N/A       100%        7
 Monstrous Menagerie      Summ           1%         N/A       100%        7
 Orb of Destruction       Conj           1%         9d5       100%        7
 Spellforged Servitor     Conj/Summ      1%         N/A       100%        7
 Summon Hydra             Summ           1%         N/A       100%        7
 Ignition                 Fire           1%         3d3       100%        8
 Lehudib's Crystal Spear  Conj/Erth      8%         10d3      100%        8
 Maxwell's Capacitive Co  Air            1%         ∞         100%        8
 Chain Lightning          Conj/Air       1%         3d1       100%        9
 Death's Door             Necr           1%         N/A       100%        9
 Dragon's Call            Summ           1%         N/A       100%        9
 Animate Armour           Summ/Erth      Unusable   N/A       N/A         4

Dungeon Overview and Level Annotations

Branches:
Dungeon (15/15)            Temple (1/1) D:4            Lair (5/5) D:10
  Swamp (4/4) Lair:2        Snake (4/4) Lair:3        Slime (0/5) Lair:5
    Orc (2/2) D:11            Elf (3/3) Orc:2        Vaults (4/5) D:13
  Crypt (3/3) Vaults:2       Tomb (0/3) Crypt:3      Depths (4/4) D:15
    Zot (5/5) Depths:4     Bailey (visited)         Volcano (visited)
 WizLab (visited)

Altars:
Ashenzari
Cheibriados
Dithmenos
Elyvilon
Fedhas
Gozag
Hepliaklqana
Kikubaaqudgha
Makhleb
Nemelex Xobeh
Okawaru
Qazlal
Ru
Sif Muna
Trog
Uskayaw
Vehumet
Wu Jian
Xom
Yredelemnul
Zin
The Shining One

Shops:
D:5 ((?(*   D:10 *   D:11 *(:   D:12 :   Orc:1 ?   Orc:2 [?![:   Elf:2 ?
Elf:3 *:*   Vaults:1 :   Vaults:2 [   Vaults:3 *[?:(   Vaults:4 (   Depths:2 ?

Portals:
Hell: Depths:1 Depths:2 Depths:3 Depths:4
Abyss: Depths:1 Depths:3 Depths:4
Pandemonium: Depths:2 Depths:3 Depths:4
Ziggurat: Depths:2

Annotations:
D:14 Roxanne
Swamp:2 2 transporters, SirDiesAlot's ghost, adept OpVM
Swamp:3 exclusion: 2 oklob plants
Snake:2 2 runed translucent doors, MrSquiggles's ghost, adept MiGl
Snake:4 1 runed translucent door, Keuh's ghost, adept VSFi


Innate Abilities, Weirdness & Mutations

Your dull iron-grey scales are very hard. (AC +17)
You are amphibious.
You cannot fit into any form of body armour.
You are cold-blooded and may be slowed by cold attacks.
Your body often deteriorates upon taking damage.


Message History

You block the cherub's attack.
The daeva calls down the wrath of the Shining One upon you.
The Shining One smites you!
The cherub sings a powerful hymn!
The cherub goes into a battle-frenzy!
You slash the seraph! You tail-slap the seraph!
The seraph is heavily wounded.
The seraph gestures.
The seraph channels a blast of cleansing flame!
The golden flame engulfs the seraph but does no damage.
The golden flame engulfs the angel.
The angel completely resists.
The golden flame engulfs you but does no damage.
The golden flame engulfs the daeva.
The daeva completely resists.
The golden flame engulfs the cherub.
The cherub completely resists.
The golden flame engulfs the angel.
The angel completely resists.
The golden flame engulfs the cherub.
The cherub completely resists.
The angel hits you with a +2 whip of holy wrath.
You block the angel's attack.
You slash the seraph!
Your tail-slap misses the seraph.
The seraph is heavily wounded.
The seraph gestures.
The seraph begins to accept its allies' injuries.
You block the angel's attack. x2
The cherub hits you with a +2 scimitar of flaming!
The cherub hits you but does no damage. You block the daeva's attack.
The daeva hits you with a +4 scimitar of holy wrath.
You barely miss the seraph.
The seraph is heavily wounded.
The seraph hits you with a +3 great sword of flaming!!!
* * * LOW HITPOINT WARNING * * *
The seraph burns you.
* * * LOW HITPOINT WARNING * * *
You block the seraph's attack.
The angel hits you with a +2 whip of holy wrath!!
* * * LOW HITPOINT WARNING * * *
You block the angel's attack. You block the cherub's attack.
The cherub barely misses you.
The daeva hits you with a +4 scimitar of holy wrath!!
You die...
Your body glows slightly brighter and disappears.

#.# #..##...# #.# #####
#..##...## #.# #...# #..#...)##
####.###...###..#....##
#..°.....)........⌠(...
#......................
##.......#####...#...##
#..>#.A..# #.......# ###..@A.°#
#.......#
############..AAA.####.......##
#.............A................
#.###.!........................
#.# ###...############..##...##
#.# #§§☼# ########..##...## #.#
#☼○☼# #................ #.#
#☼§§# #######...##...##
#.#####...###########...##..[##


You could see a seraph (strong), a daeva (summoned, strong, sheltered), 2 angels
and 2 cherubim.

Vanquished Creatures
  2 dread liches
  3 orbs of fire (Zot:5)
  Mara (Snake:3)
  Mennas (Vaults:4)
  3 juggernauts (Depths:4)
  Sojobo (Vaults:2)
  Vv (Crypt:2)
  Josephina (Crypt:2)
  9 Killer Klowns (Zot:5)
  3 curse toes
  Saint Roka (Vaults:4)
  Vashnia (Snake:3)
  2 caustic shrikes (Depths:3)
  6 golden dragons
  2 bone dragons
  Nikola (Depths:2)
  A profane servitor (Abyss:4)
  the Enchantress (Depths:3)
  A Brimstone Fiend (Zot:5)
  Jorgrun (D:14)
  4 electric golems
  12 tentacled monstrosities
  2 shard shrike skeletons (Crypt:3)
  6 liches
  25 Orb Guardians
  Asterion (Depths:1)
  5 quicksilver dragons
  4 deep elf master archers
  2 deep elf blademasters (Elf:3)
  8 ancient champions
  7 death cobs
  2 sphinxes
  A tentacled starspawn (Abyss:4)
  8 thorn hunters
  Kirke (Snake:3)
  Donald (Snake:1)
  5 tengu reavers
  16 storm dragons
  4 revenants
  Agnes (Snake:1)
  A draconian monk (Zot:5)
  13 shadow dragons
  A storm dragon (shapeshifter) (Depths:3)
  An azure jelly (D:15)
  5 draconian knights
  9 nagarajas
  8 iron dragons
  7 deep elf sorcerers
  10 frost giants
  2 curse skulls (Crypt:1)
  9 draconian scorchers
  7 vault wardens
  A caustic shrike zombie (WizLab)
  14 fire giants
  4 ghost moths
  Louise (Snake:3)
  4 deep elf elementalists
  2 draconian annihilators (Depths:3)
  5 draconian stormcallers
  4 ghouls
  4 draconian shifters
  A stone giant (shapeshifter) (Depths:3)
  2 orc warlords
  4 formless jellyfish
  6 spriggan defenders
  A caustic shrike skeleton (Depths:2)
  2 reapers
  19 ironbound preservers
  A cacodemon (Depths:2)
  8 war gargoyles
  12 very ugly things
  3 ironbound thunderhulks
  3 eleionomae
  12 stone giants
  10 vampire knights
  8 purple draconians
  The ghost of innerfire43 the Cleaver, a journeyman DsMo of Cheibriados (Lair:5)
  14 deep elf annihilators
  2 spectral titans (WizLab)
  13 black draconians
  4 deep elf demonologists (Elf:3)
  4 halazid warlocks (WizLab)
  7 green draconians
  2 bunyips
  8 red draconians
  9 spark wasps
  Azrael (D:12)
  9 white draconians
  9 dire elephants
  Snorg (Lair:3)
  9 yellow draconians
  9 ettins
  7 eidola
  A spectral quicksilver dragon (WizLab)
  13 deep elf death magi
  A quicksilver dragon zombie (WizLab)
  5 crystal guardians
  13 fire dragons
  20 hydras
  17 jiangshi
  2 shambling mangroves (Swamp:3)
  2 deep elf high priests (Elf:3)
  10 yaktaur captains
  3 entropy weavers
  6 vault guards
  5 rakshasas
  3 great orbs of eyes (Vaults:2)
  6 ice dragons
  3 catoblepae
  2 hell beasts (Depths:1)
  2 peacekeepers
  4 juggernaut simulacra (Depths:3)
  2 ghost crabs (Lair:2)
  13 spriggan air magi
  An ogre mage (D:15)
  3 spriggan skeletons
  26 centaur warriors
  11 ironbound frosthearts
  4 boulder beetles
  12 anacondas
  4 death yaks
  34 dancing weapons
  8 alligators
  3 death knights (Crypt:1)
  6 two-headed ogres
  A boulder beetle (shapeshifter) (Depths:3)
  3 orc high priests
  8 vampire magi
  6 deep troll earth magi
  4 deep troll shamans
  10 naga warriors
  3 tengu warriors
  4 titan zombies
  17 hell knights
  A thrashing horror (Abyss:3)
  7 shock serpents
  2 spriggan berserkers
  15 naga sharpshooters
  2 iron trolls
  20 deep elf knights
  2 shadow wraiths
  A bunyip zombie (Crypt:3)
  A sixfirhy (Zot:5)
  2 salamander mystics
  29 skeletal warriors
  2 spark wasp zombies (WizLab)
  A wretched star (Abyss:4)
  A spectral spark wasp (WizLab)
  2 skysharks (Lair:3)
  5 goliath frogs
  A goliath frog (shapeshifter) (Depths:3)
  37 deep trolls
  2 golden dragon zombies
  A quicksilver dragon simulacrum (Depths:1)
  3 glowing orange brains
  4 sea snakes (Snake:4)
  7 flayed ghosts
  A spriggan druid (Swamp:4)
  12 bog bodies
  2 sphinx zombies
  11 deep elf archers
  2 bunyip skeletons
  A lindwurm (shapeshifter) (Elf:1)
  6 wizards
  4 harpies
  17 ironbound convokers
  12 orc knights
  9 lindwurms
  14 necromancers
  13 swamp dragons
  2 stone giant zombies
  4 naga ritualists
  14 phantasmal warriors
  43 deep elf zephyrmancers
  A fire giant zombie (Depths:2)
  5 mana vipers
  29 deep elf pyromancers
  An oklob plant (D:10)
  A frost giant zombie (Depths:1)
  A human zombie (Vaults:3)
  5 orc sorcerers
  3 will-o-the-wisps
  A salamander (shapeshifter) (D:11)
  22 ugly things
  A manticore (shapeshifter) (Vaults:3)
  A moth of wrath (shapeshifter) (Vaults:4)
  12 salamanders
  3 stone giant skeletons
  Maurice (D:11)
  7 cyclopes
  16 naga magi
  5 manticores
  A worldbinder (Abyss:3)
  8 elephants
  23 moths of wrath
  9 guardian serpents
  9 vault sentinels
  28 black mambas
  5 molten gargoyles (Volcano)
  An orange demon (Depths:4)
  A smoke demon (Depths:4)
  4 gargoyles
  A titan simulacrum (Crypt:2)
  2 purple draconian zombies (Crypt:2)
  2 torpor snails
  14 cane toads
  Maggie (D:7)
  4 rime drakes
  4 freezing wraiths
  A dire elephant skeleton (Crypt:3)
  A yaktaur (shapeshifter) (Depths:3)
  2 unseen horrors
  13 yaktaurs
  3 kobold demonologists
  4 tengu conjurers
  12 komodo dragons
  2 human skeletons (Vaults:3)
  2 ancient zymes (Abyss:4)
  An anaconda simulacrum (Crypt:2)
  An unseen horror zombie (Crypt:2)
  4 trolls
  3 red devils
  A wind drake (Vaults:2)
  A hellwing (Depths:4)
  2 harpy zombies (WizLab)
  A polar bear (shapeshifter) (Depths:3)
  A queen bee (shapeshifter) (Elf:1)
  A harpy skeleton (Crypt:3)
  4 polar bears
  Grinder (D:6)
  5 meliai
  A tarantella (Vaults:2)
  22 hornets
  A wolf spider simulacrum (D:15)
  A hydra skeleton (Crypt:3)
  12 blink frogs
  A shadow dragon simulacrum (Crypt:2)
  10 tyrant leeches
  A spectral dream sheep (Lair:2)
  A snapping turtle (Depths:1)
  A dream sheep (shapeshifter) (Depths:4)
  A spriggan zombie (WizLab)
  10 dream sheep
  A frost giant simulacrum (Depths:1)
  A jumping spider (Vaults:2)
  32 slime creatures
  A shadow (D:11)
  2 ynoxinuls
  3 air elementals
  3 culicivoras
  2 centaur simulacra
  27 spriggans
  11 wraiths
  44 flying skulls
  A vampire (D:12)
  A spriggan (shapeshifter) (Elf:1)
  7 wyverns
  2 basilisks
  42 yaks
  2 water elementals (Elf:3)
  4 fire elementals
  Grum (D:8)
  A hog (shapeshifter) (Vaults:1)
  4 hogs (Snake:3)
  4 redbacks
  A neqoxec (Depths:4)
  A golden eye (Snake:4)
  3 chaos spawn
  4 large abominations
  13 vampire mosquitoes
  A merfolk zombie (Crypt:1)
  A harpy simulacrum (D:15)
  36 nagas
  16 swamp worms
  6 wargs
  A spectral cane toad (Lair:2)
  3 acid dragons
  A deep troll zombie (Crypt:1)
  14 water moccasins
  A floating eye (shapeshifter) (Depths:3)
  6 hell hounds (D:12)
  A demonspawn skeleton (Crypt:2)
  A human simulacrum (Vaults:3)
  A floating eye (Depths:2)
  8 swamp drakes
  3 ice beasts (D:6)
  32 orc warriors
  2 sky beasts (D:7)
  6 black bears
  4 boggarts (Lair:5)
  An ettin simulacrum (Crypt:2)
  2 spriggan simulacra
  7 centaurs
  8 ogres
  44 wolves
  A blink frog skeleton (Crypt:1)
  2 phantoms
  An elf zombie (Crypt:1)
  8 kobold brigands
  4 gnoll sergeants
  13 bullfrogs
  9 earth elementals
  A yaktaur skeleton (Crypt:2)
  11 necrophages
  4 scorpions
  A small abomination (Abyss:4)
  A wyvern skeleton (Crypt:1)
  13 wights
  9 killer bees
  4 electric eels
  2 howler monkeys
  A spectral wolf (Lair:2)
  3 crimson imps (D:4)
  A quasit (Abyss:3)
  8 jellies
  7 hounds
  12 orc priests
  7 starcursed masses (Abyss:4)
  4 iguanas
  4 gnoll boudas
  2 sleepcaps
  A boggart zombie (Crypt:2)
  A boggart skeleton (D:15)
  4 hell rats (Lair:4)
  22 orc wizards
  A deep dwarf skeleton (Crypt:1)
  6 adders
  37 gnolls
  4 river rats (D:5)
  2 white imps (D:7)
  An ufetubus (D:5)
  A worm zombie (Crypt:2)
  An iguana zombie (Crypt:2)
  3 worms
  4 dart slugs
  79 orcs
  8 bats
  19 endoplasms
  4 giant cockroaches
  17 goblins
  2 hobgoblins
  A jackal (D:7)
  3 quokkas
  2 ball pythons
  A frilled lizard (D:2)
  A goblin zombie (Crypt:1)
  23 kobolds
  5 rats
2256 creatures vanquished.

Vanquished Creatures (collateral kills)
  A dread lich (Zot:5)
  An ancient lich (Zot:5)
  Xtahua (Vaults:4)
  A caustic shrike (Vaults:2)
  2 Orb Guardians (Zot:5)
  A tengu reaver (Vaults:2)
  A draconian monk (Zot:3)
  An azure jelly (Zot:1)
  A frost giant (Depths:2)
  2 draconian shifters (Zot:3)
  A vault warden (Vaults:4)
  A draconian scorcher (Zot:3)
  A war gargoyle (Vaults:4)
  A stone giant (Depths:1)
  A green draconian (Zot:3)
  A black draconian (Zot:1)
  2 dire elephants (Vaults:1)
  An entropy weaver (Vaults:2)
  2 vault guards (Vaults:4)
  A boulder beetle (Vaults:2)
  A tengu warrior (D:13)
  An orc high priest (Vaults:2)
  A hell knight (Depths:1)
  A phantasmal warrior (Depths:1)
  2 orc knights (Vaults:2)
  2 lindwurms (Vaults:2)
  A harpy (Vaults:2)
  A deep elf pyromancer (D:15)
  An orc sorcerer (D:15)
  A vault sentinel (Vaults:2)
  2 cane toads
  A troll (Vaults:2)
  A dream sheep (Lair:3)
  A yak (Lair:2)
  A hog (D:15)
  A redback (Vaults:2)
  2 nagas (Snake:1)
  2 water moccasins (Lair:3)
  4 orc warriors
  A centaur (D:13)
  4 orc priests
  6 orcs
62 creatures vanquished.

Vanquished Creatures (others)
  A tentacled monstrosity (Zot:4)
  A draconian knight (Zot:3)
  A rakshasa (Depths:1)
  A fenstrider witch skeleton (Crypt:2)
  A spriggan skeleton (Crypt:2)
  A dancing weapon (Crypt:3)
  A naga sharpshooter (Snake:3)
  6 deep elf knights
  2 wizards
  A deep elf zephyrmancer (Elf:2)
  2 deep elf pyromancers
  A guardian serpent (Snake:4)
  An orange demon (Depths:2)
  5 bloated husks
  A troll (Orc:2)
  A warg (Orc:2)
  A naga (Snake:4)
  A sky beast (D:7)
  A human (D:6)
  An ogre (D:5)
  A necrophage (Crypt:2)
  An orc priest (Orc:2)
  2 gnolls
  A river rat (Orc:2)
  An ufetubus (Abyss:3)
  A kobold (D:12)
  19 foxfires
  5 starspawn tentacles (Abyss:4)
62 creatures vanquished.

Grand Total: 2380 creatures vanquished

Notes
Turn   | Place    | Note
-------+----------+-------------------------------------------
     0 | D:1      | juan097 the Draconian Fighter began the quest for the Orb.
     0 | D:1      | Reached XP level 1. HP: 19/19 MP: 1/1
   115 | D:1      | Found a faded altar of an unknown god.
   227 | D:1      | Reached XP level 2. HP: 25/26 MP: 2/2
   846 | D:2      | Reached skill level 1 in Stealth
   851 | D:2      | Reached XP level 3. HP: 31/31 MP: 3/3
  1117 | D:2      | Reached XP level 4. HP: 32/38 MP: 4/4
  1720 | D:3      | Reached XP level 5. HP: 33/45 MP: 5/5
  2078 | D:3      | Found a basalt altar of Yredelemnul.
  2304 | D:3      | Found a stormy altar of Qazlal.
  2342 | D:3      | Noticed an ogre
  2361 | D:2      | Reached skill level 1 in Short Blades
  2664 | D:4      | Found a shimmering altar of Xom.
  2737 | D:4      | Reached XP level 6. HP: 48/51 MP: 6/6
  2787 | D:4      | Found a staircase to the Ecumenical Temple.
  2817 | Temple   | Entered the Ecumenical Temple
  2872 | Temple   | Became a worshipper of Nemelex Xobeh the Trickster
  3090 | D:4      | Found Zin's Purification Station.
  3094 | D:4      | Found a glowing silver altar of Zin.
  3097 | D:4      | Bought 2 potions of curing for 180 gold pieces
  3628 | D:5      | Entered Level 5 of the Dungeon
  3628 | D:5      | Noticed a wyvern
  3640 | D:5      | Killed a wyvern
  3641 | D:5      | Your scales start taking on a dull iron-grey colour.
  3641 | D:5      | Reached XP level 7. HP: 39/57 MP: 7/7
  3780 | D:5      | Found Xothahot's Weapon Emporium.
  3810 | D:5      | Found a basalt altar of Yredelemnul.
  3908 | D:5      | Reached skill level 5 in Shields
  3940 | D:5      | Found a sacrificial altar of Ru.
  3971 | D:5      | Found a transporter.
  4032 | D:5      | Found Wask's General Store.
  4036 | D:5      | Bought a scroll of identify for 24 gold pieces
  4036 | D:5      | Bought a scroll of teleportation for 36 gold pieces
  4075 | D:5      | Bought a scroll of identify for 24 gold pieces
  4104 | D:5      | Found a transporter.
  4104 | D:5      | Found Fatocoh's Magic Scroll Shop.
  4111 | D:5      | Bought a scroll of blinking for 82 gold pieces
  4149 | D:5      | Found Pinkyng's Antique Weapon Boutique.
  4378 | D:5      | Reached * piety under Nemelex Xobeh
  4469 | D:5      | Found Ryast's Hydra Hut.
  4472 | D:5      | Noticed a seven-headed hydra
  4743 | D:3      | Reached skill level 4 in Fighting
  4948 | D:6      | Reached XP level 8. HP: 66/66 MP: 8/8
  4953 | D:6      | Reached skill level 5 in Dodging
  5139 | D:6      | Found a white marble altar of Elyvilon.
  5193 | D:6      | Reached skill level 5 in Fighting
  5218 | D:6      | Noticed Grinder
  5250 | D:6      | Killed Grinder
  5470 | D:6      | Reached skill level 6 in Fighting
  5635 | D:6      | Found an ancient bone altar of Kikubaaqudgha.
  5738 | D:6      | Received a gift from Nemelex Xobeh
  5819 | D:7      | Reached skill level 5 in Short Blades
  5819 | D:7      | Reached skill level 1 in Invocations
  5819 | D:7      | Reached XP level 9. HP: 60/75 MP: 6/10
  6094 | D:7      | Noticed Maggie
  6114 | D:7      | Killed Maggie
  6340 | D:7      | Reached skill level 5 in Invocations
  6388 | D:7      | Reached ** piety under Nemelex Xobeh
  6395 | D:7      | Found a burning altar of Makhleb.
  7076 | D:8      | Noticed Grum
  7090 | D:7      | Reached XP level 10. HP: 83/83 MP: 14/14
  7219 | D:8      | Killed Grum
  7385 | D:8      | Found a blossoming altar of Fedhas.
  7516 | D:8      | Reached skill level 7 in Fighting
  7602 | D:8      | Found an opulent altar of Gozag.
  7665 | D:8      | Received a gift from Nemelex Xobeh
  8083 | D:9      | Reached skill level 8 in Fighting
  8806 | D:9      | Received a gift from Nemelex Xobeh
  9057 | D:9      | Reached XP level 11. HP: 82/94 MP: 17/17
  9188 | D:10     | Entered Level 10 of the Dungeon
  9216 | D:10     | Reached *** piety under Nemelex Xobeh
  9266 | D:10     | Noticed a two-headed ogre
  9333 | D:10     | Found a flagged portal.
  9389 | Bailey   | Entered a bailey
  9569 | Bailey   | Noticed an orc knight
  9596 | Bailey   | Killed an orc knight
  9780 | D:10     | Found a bloodstained altar of Trog.
  9892 | D:10     | Noticed an oklob plant
  9907 | D:10     | Found Edghum's Elemental Accessories.
 10084 | D:10     | Noticed a two-headed ogre
 10089 | D:10     | Killed a two-headed ogre
 10090 | D:10     | Reached skill level 1 in Throwing
 10099 | D:10     | a two-headed ogre changed into a steelbarb worm
 10099 | D:10     | Noticed a steelbarb worm
 10100 | D:10     | a steelbarb worm changed into a hornet
 10120 | D:10     | Found a broken altar of Ashenzari.
 10248 | D:10     | Found a staircase to the Lair.
 10312 | D:11     | Found Noukecs's General Store.
 10558 | D:11     | Noticed Maurice
 10592 | D:11     | Found a staircase to the Orcish Mines.
 10604 | D:11     | Found Hoetwa's Book Boutique.
 10644 | D:11     | Killed Maurice
 10645 | D:11     | Reached skill level 5 in Stealth
 10785 | D:11     | Found Vecreily's Antique Weapon Boutique.
 10805 | D:11     | Noticed a boulder beetle
 10820 | Orc:1    | Entered Level 1 of the Orcish Mines
 10820 | Orc:1    | Found Mivisiwi's Magic Scroll Emporium.
 10827 | Orc:1    | Bought a scroll of identify for 24 gold pieces
 10908 | Orc:2    | Entered Level 2 of the Orcish Mines
 11140 | Orc:2    | Noticed an orc warlord
 11164 | Orc:2    | Reached skill level 9 in Fighting
 11189 | Orc:2    | Killed an orc warlord
 11323 | Orc:2    | Found a staircase to the Elven Halls.
 11345 | Orc:1    | Received a gift from Nemelex Xobeh
 11669 | Orc:2    | Found Jezop's Book Boutique.
 11669 | Orc:2    | Noticed an orc high priest
 11669 | Orc:2    | Noticed an orc knight
 11669 | Orc:2    | Noticed an orc sorcerer
 11677 | Orc:2    | Noticed an orc sorcerer
 11734 | Orc:2    | Killed an orc sorcerer
 11814 | Orc:2    | Noticed an orc knight
 11844 | Orc:2    | Killed an orc knight
 11845 | Orc:2    | Reached XP level 12. HP: 105/105 MP: 19/19
 11926 | Orc:2    | Noticed an orc high priest
 12321 | Orc:1    | HP: 5/106 [orc high priest/+2 trident of flaming (2)]
 12331 | Orc:1    | Killed an orc high priest
 12513 | Orc:2    | Noticed an orc high priest
 12632 | Orc:2    | Killed an orc high priest
 12633 | Orc:2    | Reached skill level 10 in Fighting
 12633 | Orc:2    | Reached skill level 10 in Invocations
 12705 | Orc:2    | Killed an orc high priest
 13021 | Orc:2    | Reached skill level 5 in Long Blades
 13262 | Orc:2    | Found Qillib's Antique Armour Boutique.
 13309 | Orc:2    | Found Ponof's Distillery.
 13309 | Orc:2    | Found Iffil's Magic Scroll Emporium.
 13406 | Orc:2    | Found Jysufipri's Antique Armour Emporium.
 13842 | Orc:2    | Noticed an orc warlord
 14146 | Orc:2    | an orc warlord changed into a torpor snail
 15224 | D:11     | Killed a boulder beetle
 15318 | D:11     | Bought a glowing scimitar for 196 gold pieces
 15496 | D:11     | Received a gift from Nemelex Xobeh
 15757 | Orc:2    | Bought a potion of cancellation for 112 gold pieces
 15757 | Orc:2    | Bought a potion of attraction for 42 gold pieces
 15796 | Orc:1    | Bought a scroll of silence for 114 gold pieces
 15835 | Orc:2    | Bought a pair of boots for 94 gold pieces
 16041 | D:5      | Bought a +1 falchion of flaming for 136 gold pieces
 16197 | Lair:1   | Entered Level 1 of the Lair of Beasts
 16211 | Lair:1   | Reached XP level 13. HP: 73/114 MP: 20/20
 16371 | Lair:1   | Reached **** piety under Nemelex Xobeh
 16560 | Lair:1   | Reached skill level 1 in Ranged Weapons
 16754 | Lair:1   | Reached skill level 11 in Fighting
 16877 | Lair:1   | Received a gift from Nemelex Xobeh
 18042 | Lair:2   | Reached ***** piety under Nemelex Xobeh
 18349 | Lair:2   | Found a staircase to the Swamp.
 19162 | Orc:2    | Bought a book of Burglary for 320 gold pieces
 19166 | Orc:2    | Learned a level 2 spell: Passwall
 19351 | Lair:3   | Received a gift from Nemelex Xobeh
 19374 | Lair:3   | Noticed Snorg
 19394 | Lair:3   | Found a staircase to the Snake Pit.
 19476 | Lair:3   | Reached skill level 1 in Transmutations
 19476 | Lair:3   | Reached skill level 1 in Earth Magic
 19482 | Lair:3   | Reached skill level 1 in Spellcasting
 19542 | Lair:3   | Killed Snorg
 19550 | Lair:3   | Received a gift from Nemelex Xobeh
 19614 | Lair:3   | Found a dark tunnel.
 19634 | Volcano  | Entered a volcano
 20281 | Volcano  | Reached skill level 10 in Long Blades
 20290 | Volcano  | Reached skill level 12 in Fighting
 20290 | Volcano  | Reached XP level 14. HP: 83/126 MP: 21/21
 20481 | Volcano  | Noticed an orb of fire
 20485 | Volcano  | Noticed an orb of fire
 20994 | Orc:1    | Bought a scroll of brand weapon for 114 gold pieces
 21396 | Lair:3   | Reached skill level 10 in Dodging
 21821 | Lair:4   | Received a gift from Nemelex Xobeh
 22154 | Lair:4   | You fall into a shaft and drop 1 floor!
 22154 | Lair:5   | Entered Level 5 of the Lair of Beasts
 22283 | Lair:5   | Reached skill level 5 in Earth Magic
 22718 | Lair:4   | Received a gift from Nemelex Xobeh
 23738 | Lair:5   | Found a runed translucent gate.
 23739 | Lair:5   | Found a runed translucent gate.
 23740 | Lair:5   | Found a runed translucent gate.
 23858 | Lair:5   | Found a staircase to the Slime Pits.
 24088 | Lair:5   | Received a gift from Nemelex Xobeh
 24157 | Lair:5   | Paralysed by a hornet for 3 turns
 24698 | Lair:5   | Noticed innerfire43's ghost (journeyman DsMo)
 24971 | D:12     | Reached XP level 15. HP: 126/132 MP: 24/24
 24988 | D:12     | Noticed Azrael
 25046 | D:12     | Killed Azrael
 25092 | D:12     | Reached skill level 1 in Evocations
 25356 | D:12     | Found Edwasost's Book Emporium.
 25384 | D:12     | Reached ****** piety under Nemelex Xobeh
 25430 | D:12     | Received a gift from Nemelex Xobeh
 25472 | D:12     | Identified the +6 trident of Bloody Death {heavy, rF- Will+
                  | Stlth+}
 26068 | D:13     | Received a gift from Nemelex Xobeh
 26658 | D:13     | Found a gate to the Vaults.
 26746 | D:13     | Received a gift from Nemelex Xobeh
 26993 | D:13     | Identified the ring "Qaycoos" {rElec Str+6}
 27525 | D:14     | Noticed Roxanne
 27543 | D:14     | Noticed Jorgrun
 27779 | D:14     | Received a gift from Nemelex Xobeh
 27815 | D:14     | Killed Jorgrun
 27972 | D:14     | Found a hazy altar of Hepliaklqana.
 28179 | D:15     | Entered Level 15 of the Dungeon
 28190 | D:15     | Reached skill level 13 in Fighting
 28409 | D:15     | Reached skill level 5 in Evocations
 28865 | D:15     | Found a staircase to the Depths.
 29449 | Swamp:1  | Entered Level 1 of the Swamp
 29590 | Swamp:1  | You fall into a shaft and drop 1 floor!
 30139 | Swamp:1  | Received a gift from Nemelex Xobeh
 30923 | Swamp:2  | Reached skill level 5 in Throwing
 30923 | Swamp:2  | Reached XP level 16. HP: 145/145 MP: 25/25
 30937 | Swamp:2  | Noticed a tentacled monstrosity
 30937 | Swamp:2  | Noticed a tentacled monstrosity
 30978 | Swamp:2  | Found a transporter.
 30990 | Swamp:2  | Noticed SirDiesAlot's ghost (adept OpVM)
 30992 | Swamp:2  | Noticed a thorn hunter
 30994 | Swamp:2  | Found a transporter.
 31010 | Swamp:2  | Reached skill level 14 in Fighting
 31562 | Swamp:3  | Noticed a thorn hunter
 31587 | Swamp:3  | Killed a thorn hunter
 31955 | Swamp:3  | Noticed a thorn hunter
 31973 | Swamp:3  | Killed a thorn hunter
 32099 | Swamp:3  | Noticed a thorn hunter
 32109 | Swamp:3  | Killed a thorn hunter
 32867 | Swamp:3  | Received a gift from Nemelex Xobeh
 33210 | Swamp:3  | Noticed a thorn hunter
 33211 | Swamp:3  | Noticed a thorn hunter
 33224 | Swamp:3  | HP: 3/146 [thorn hunter/volley of thorns (28)]
 33530 | Swamp:3  | Killed a thorn hunter
 33538 | Swamp:3  | Killed a thorn hunter
 34020 | Swamp:3  | Received a gift from Nemelex Xobeh
 34252 | Snake:1  | Entered Level 1 of the Snake Pit
 34382 | Snake:1  | Noticed Donald
 34397 | Snake:1  | Killed Donald
 34893 | Lair:5   | Killed innerfire43's ghost
 35073 | Snake:1  | Noticed Agnes
 35075 | Snake:1  | Killed Agnes
 36181 | Snake:1  | Identified the +8 ring mail of True Grit {Dex+4}
 36471 | Snake:2  | Received a gift from Nemelex Xobeh
 37029 | Snake:2  | Received a gift from Nemelex Xobeh
 37177 | Snake:2  | Identified the +6 broad axe "Hellblazer" {protect, *Rage
                  | rC++ Str+4 Dex+2}
 37269 | Snake:2  | Identified the +0 pair of gloves of the Demon Prince {rCorr
                  | Int+3}
 37430 | Snake:2  | Found a large runed translucent door.
 37430 | Snake:2  | Found a large runed translucent door.
 37433 | Snake:2  | Noticed MrSquiggles's ghost (adept MiGl)
 37837 | Snake:3  | Reached XP level 17. HP: 113/154 MP: 26/26
 38156 | Snake:3  | Noticed Vashnia
 38170 | Snake:3  | Killed Vashnia
 38679 | Snake:3  | Noticed Mara
 38687 | Snake:3  | Killed Mara
 38742 | Snake:3  | Reached skill level 15 in Fighting
 38965 | Snake:3  | Noticed Louise
 38995 | Snake:3  | Killed Louise
 39275 | Snake:3  | Received a gift from Nemelex Xobeh
 39312 | Snake:3  | Noticed Kirke
 39327 | Snake:3  | Reached skill level 10 in Shields
 39330 | Snake:3  | Killed Kirke
 39588 | Snake:3  | Received a gift from Nemelex Xobeh
 40113 | Snake:3  | Found a gateway to a bazaar.
 40125 | Bazaar   | Entered a bazaar
 40125 | Bazaar   | Found Tyuhirug's Antique Weapon Shop.
 40125 | Bazaar   | Found Xeutucol's Magic Scroll Boutique.
 40125 | Bazaar   | Found Wask's Distillery.
 40125 | Bazaar   | Found Usiuly's Weapon Boutique.
 40125 | Bazaar   | Found Vexem's Weapon Boutique.
 40125 | Bazaar   | Found Pauk's Magic Scroll Shop.
 40143 | Bazaar   | Bought a scroll of blinking for 67 gold pieces
 40155 | Bazaar   | Bought a scroll of enchant weapon for 67 gold pieces
 40155 | Bazaar   | Bought a scroll of poison for 36 gold pieces
 40157 | Bazaar   | Bought a scroll of enchant armour for 90 gold pieces
 40157 | Bazaar   | Bought a scroll of fog for 48 gold pieces
 40157 | Bazaar   | Bought a scroll of silence for 114 gold pieces
 40168 | Bazaar   | Bought a potion of might for 44 gold pieces
 40168 | Bazaar   | Bought a potion of might for 44 gold pieces
 40191 | Snake:4  | Entered Level 4 of the Snake Pit
 40952 | D:11     | Bought a phial of floods for 640 gold pieces
 41442 | Snake:4  | Found a runed translucent door.
 41446 | Snake:4  | Found a shimmering altar of Xom.
 41446 | Snake:4  | Noticed Keuh's ghost (adept VSFi)
 41458 | Snake:4  | Received a gift from Nemelex Xobeh
 42283 | Snake:4  | Received a gift from Nemelex Xobeh
 42742 | Snake:4  | Identified the amulet of Wacoxy {Reflect rC+ SH+5}
 43440 | Snake:4  | Got a serpentine rune of Zot
 43795 | Swamp:4  | Entered Level 4 of the Swamp
 44045 | Swamp:3  | Reached XP level 18. HP: 140/166 MP: 28/28
 44537 | Swamp:3  | Reached skill level 16 in Fighting
 44969 | Swamp:4  | Got a decaying rune of Zot
 45321 | Swamp:4  | Received a gift from Nemelex Xobeh
 45388 | Swamp:4  | Noticed a tentacled monstrosity
 45403 | Swamp:4  | Killed a tentacled monstrosity
 45820 | Vaults:1 | Entered Level 1 of the Vaults
 47075 | Vaults:1 | Received a gift from Nemelex Xobeh
 47427 | Vaults:1 | Found Iciese's Book Shoppe.
 47971 | Vaults:1 | Reached XP level 19. HP: 124/174 MP: 30/30
 48235 | Vaults:1 | Reached skill level 15 in Invocations
 48565 | Vaults:2 | an ironbound thunderhulk changed into a caustic shrike
 48565 | Vaults:2 | Noticed a caustic shrike
 48568 | Vaults:2 | Identified the -2 hand axe "Xubrur" {flame, rC+ Dex+5}
 48572 | Vaults:2 | Killed a caustic shrike
 48573 | Vaults:2 | Reached skill level 17 in Fighting
 48578 | Vaults:2 | Reached skill level 15 in Shields
 49161 | Vaults:2 | Received a gift from Nemelex Xobeh
 49237 | Vaults:2 | Found Avefont's Armour Shop.
 49568 | Vaults:2 | Noticed Sojobo
 50556 | Vaults:2 | Found a staircase to the Crypt.
 50556 | Vaults:2 | Found a basalt altar of Yredelemnul.
 50556 | Vaults:2 | Found an ancient bone altar of Kikubaaqudgha.
 50635 | Vaults:2 | Identified the +2 trident "Mugyatav" {venom, rElec}
 51049 | Vaults:2 | Received a gift from Nemelex Xobeh
 51168 | Vaults:2 | Killed Sojobo
 51393 | Vaults:3 | Reached skill level 18 in Fighting
 51920 | Vaults:3 | Identified the +8 arbalest of Doom {heavy, rN++ SInv}
 51924 | Vaults:3 | Identified the +9 arbalest of Xasairou {heavy, Drain +Blink
                  | rN+}
 52283 | Vaults:3 | Received a gift from Nemelex Xobeh
 52383 | Vaults:3 | Found Gefag's Antique Armour Emporium.
 52759 | Vaults:3 | Found Ugiceom's Antique Weapon Emporium.
 52901 | Vaults:3 | Received a gift from Nemelex Xobeh
 52904 | Vaults:3 | Found Xuatt's Assorted Antiques.
 52907 | Vaults:3 | Bought a potion of cancellation for 256 gold pieces
 52928 | Vaults:3 | Reached XP level 20. HP: 173/189 MP: 32/32
 53138 | Vaults:3 | Found Yxuvied's Magic Scroll Emporium.
 53144 | Vaults:3 | Bought a scroll of fog for 56 gold pieces
 53222 | Vaults:3 | Found Sice's Book Emporium.
 53675 | Vaults:4 | Identified the -1 trident of the Exiled Suns {freeze,
                  | *Noise rPois Str+3 Int+3}
 54105 | Vaults:4 | Identified the +4 orcbow "Kuriwoy" {drain, Fragile rC+ SInv
                  | Stlth+}
 54238 | Vaults:4 | Noticed Xtahua
 54244 | Vaults:4 | Killed Xtahua
 54619 | Vaults:4 | Reached skill level 19 in Fighting
 54644 | Vaults:4 | Noticed Saint Roka
 54654 | Vaults:4 | Noticed Mennas
 54663 | Vaults:4 | Killed Saint Roka
 54680 | Vaults:4 | Killed Mennas
 54681 | Vaults:4 | Reached skill level 15 in Dodging
 54969 | Vaults:4 | Found Buputo Bezo's Antique Weapon Emporium.
 55542 | Vaults:4 | Received a gift from Nemelex Xobeh
 56255 | Depths:1 | Entered Level 1 of the Depths
 57457 | Depths:1 | Found a one-way gate to the infinite horrors of the Abyss.
 57483 | Depths:1 | Identified the +0 trident "Legru" {flame, Str+3 Int+2
                  | Stlth+}
 58154 | Elf:1    | Entered Level 1 of the Elven Halls
 58624 | Elf:1    | Reached skill level 20 in Fighting
 58633 | Abyss:3  | Cast into level 3 of the Abyss (a deep elf sorcerer)
 58637 | Abyss:3  | Received a gift from Nemelex Xobeh
 58646 | Abyss:3  | Found a corrupted altar of Lugonu.
 58716 | Abyss:3  | Reached XP level 21. HP: 141/195 MP: 34/34
 58894 | Abyss:4  | Paralysed by accursed screaming for 1 turns
 58905 | Abyss:4  | Paralysed by accursed screaming for 2 turns
 58913 | Abyss:4  | Got an abyssal rune of Zot
 58934 | Abyss:4  | Received a gift from Nemelex Xobeh
 59022 | Abyss:4  | Upgraded the game from 0.31-a0-303-gdc8c9485ea to
                  | 0.31-a0-319-g4fced400ed
 59110 | Elf:1    | Escaped the Abyss
 59521 | Elf:1    | Received a gift from Nemelex Xobeh
 59834 | Elf:1    | Got the Dissertation on Striking
 60127 | Elf:1    | Paralysed by an air elemental for 1 turns
 60728 | Elf:2    | Received a gift from Nemelex Xobeh
 60741 | Elf:2    | Identified the +7 chain mail of the Planets {rCorr Str+4
                  | Int+4}
 60761 | Elf:2    | Learned a level 2 spell: Blink
 61025 | Elf:2    | Found a runed translucent gate.
 61025 | Elf:2    | Found a runed translucent gate.
 61025 | Elf:2    | Found a runed translucent gate.
 61062 | Elf:2    | Found Ysucauss's Magic Scroll Shoppe.
 62019 | Elf:3    | Entered Level 3 of the Elven Halls
 62088 | Elf:3    | Found Tujuirot's Book Shop.
 62131 | Elf:3    | Found Niomamoek's Assorted Antiques.
 63054 | Abyss:4  | Received a gift from Nemelex Xobeh
 63054 | Abyss:4  | Cast into level 4 of the Abyss (a deep elf demonologist)
 63239 | Abyss:4  | Noticed a profane servitor
 63249 | Abyss:4  | Killed a profane servitor
 63329 | Elf:3    | Escaped the Abyss
 63389 | Elf:3    | Found Xiosk's General Store.
 63546 | Elf:3    | Received a gift from Nemelex Xobeh
 63596 | Elf:3    | Reached skill level 21 in Fighting
 64054 | Elf:3    | Identified the +1 steam dragon scales of Context {rF- Str+3
                  | Slay+3 Stlth+}
 64054 | Elf:3    | Identified the ring "Ifussix" {Drain rPois MP+9 Int+2 SInv}
 64321 | Elf:3    | Reached XP level 22. HP: 213/213 MP: 35/35
 64538 | Elf:3    | Identified the staff of Quick Death {Fragile rN+ Int+3
                  | Dex+5 Necro}
 64931 | Depths:1 | Identified the +0 kite shield of Evolution {rPois}
 64931 | Depths:1 | Noticed Asterion
 64946 | Depths:1 | Killed Asterion
 65193 | Depths:1 | Received a gift from Nemelex Xobeh
 65504 | Depths:1 | Found a gateway to Hell.
 65908 | Depths:2 | Reached skill level 1 in Translocations
 66153 | Depths:2 | Received a gift from Nemelex Xobeh
 66381 | Depths:2 | Found a one-way gate leading to the halls of Pandemonium.
 66394 | Depths:2 | Noticed Nikola
 66410 | Depths:2 | HP: 8/213 [Nikola/arc of chain lightning (56)]
 66420 | Depths:2 | Killed Nikola
 66695 | Depths:2 | Identified the +6 trident of the Other Side {heavy, rC-
                  | MP+9 Int+9}
 66717 | Depths:2 | Paralysed by a floating eye for 2 turns
 66733 | Depths:2 | Received a gift from Nemelex Xobeh
 67321 | Depths:2 | Found a shadowy altar of Dithmenos.
 68211 | Depths:2 | Reached skill level 10 in Throwing
 68581 | Depths:2 | Found a stormy altar of Qazlal.
 68628 | Depths:2 | Identified the +3 orcbow of Duerynoll {elec, rPois rF-
                  | Str+4}
 68632 | Depths:2 | Identified the +2 swamp dragon scales "Tare" {rPois Int+6}
 68759 | Depths:2 | Found a one-way gateway to a ziggurat.
 68878 | Depths:2 | Received a gift from Nemelex Xobeh
 68953 | Depths:2 | Found Manokk's Magic Scroll Boutique.
 69503 | Depths:2 | Bought a scroll of blinking for 142 gold pieces
 69503 | Depths:2 | Bought a scroll of blinking for 142 gold pieces
 69812 | Depths:3 | Noticed a golden dragon
 69828 | Depths:3 | Killed a golden dragon
 69936 | Depths:3 | Reached skill level 5 in Translocations
 69936 | Depths:3 | Noticed the Enchantress
 69959 | Depths:3 | Killed the Enchantress
 69960 | Depths:3 | Reached skill level 22 in Fighting
 70313 | Depths:3 | Reached XP level 23. HP: 223/223 MP: 36/36
 70706 | Depths:3 | You fall into a shaft and drop 1 floor!
 70706 | Depths:4 | Entered Level 4 of the Depths
 70718 | Depths:4 | Found a magical portal.
 70823 | WizLab   | Entered Borgnjor's Mausoleum
 71296 | WizLab   | HP: 5/192 [phantasmal warrior (13)]
 71323 | WizLab   | Reached skill level 10 in Evocations
 72216 | WizLab   | Received a gift from Nemelex Xobeh
 72268 | WizLab   | Got Borgnjor's Quarto of the Mortuary
 72370 | Depths:4 | Noticed a juggernaut
 72382 | Depths:4 | Noticed a juggernaut
 72391 | Depths:4 | Killed a juggernaut
 73166 | Depths:4 | Noticed a caustic shrike
 73180 | Depths:3 | Killed a caustic shrike
 73265 | Depths:4 | Noticed a caustic shrike
 73276 | Depths:3 | Killed a caustic shrike
 73421 | Depths:4 | Noticed a juggernaut
 73437 | Depths:4 | Killed a juggernaut
 73456 | Depths:4 | Killed a juggernaut
 73942 | Depths:4 | Reached skill level 15 in Throwing
 74146 | Depths:4 | Identified the +8 halberd of Strategic Superiority {freeze,
                  | MP+9 Stlth+}
 74649 | Depths:4 | Found a sparkling altar of Nemelex Xobeh.
 74829 | Depths:4 | Found a gate to the Realm of Zot.
 74978 | Depths:4 | Gained mutation: Your body sometimes deteriorates upon
                  | taking damage. [a neqoxec]
 75023 | Depths:4 | Identified the +1 robe "Caolat" {+Blink rCorr Archmagi}
 75230 | Zot:1    | Entered Level 1 of the Realm of Zot
 75248 | Zot:1    | Reached XP level 24. HP: 222/230 MP: 36/36
 75307 | Zot:1    | Identified the +0 long sword of the Exiled Tales {heavy,
                  | rF++ Dex+3}
 76113 | Depths:4 | Learned a level 2 spell: Wereblood
 76161 | Depths:4 | HP: 10/231 [wandering mushroom[a curse toe] (12)]
 76729 | Zot:1    | Received a gift from Nemelex Xobeh
 76942 | Zot:1    | Identified the +1 hat "Vibecseh" {rPois Will+}
 77444 | Zot:2    | Reached skill level 5 in Transmutations
 77764 | Crypt:1  | Entered Level 1 of the Crypt
 77770 | Crypt:1  | Identified the +0 helmet of Catatonia {Str+4}
 79698 | Crypt:2  | Noticed Vv
 79852 | Crypt:2  | Identified the ring "Cail" {Ice Will+ MP+9 Dex-5}
 79852 | Crypt:2  | Noticed Josephina
 79862 | Crypt:2  | Killed Josephina
 80597 | Crypt:2  | Killed Vv
 81092 | Crypt:3  | Entered Level 3 of the Crypt
 81741 | Crypt:3  | Received a gift from Nemelex Xobeh
 82088 | Crypt:3  | Reached XP level 25. HP: 229/229 MP: 36/36
 82272 | Crypt:3  | Found a staircase to the Tomb.
 82845 | Crypt:3  | Found a basalt altar of Yredelemnul.
 82845 | Crypt:3  | Noticed a dread lich
 82861 | Crypt:3  | Paralysed by a dread lich for 2 turns
 82872 | Crypt:3  | Killed a dread lich
 82994 | Crypt:3  | Identified the +7 scimitar of Scuffed Guilt {protect, rC+}
 82998 | Crypt:3  | Identified the +4 whip of Leteof {elec, rElec rF+ rC+ rN++}
 83271 | Vaults:3 | Bought a scroll of enchant weapon for 105 gold pieces
 83590 | Elf:2    | Bought 2 scrolls of enchant weapon for 195 gold pieces
 84196 | Zot:2    | Received a gift from Nemelex Xobeh
 84787 | Zot:2    | Received a gift from Nemelex Xobeh
 85999 | Zot:3    | Received a gift from Nemelex Xobeh
 87200 | Zot:3    | Identified the +6 short sword "Damnuorch" {elec, rPois
                  | Will+}
 87452 | Zot:4    | Learned a level 2 spell: Lesser Beckoning
 88564 | Zot:4    | Received a gift from Nemelex Xobeh
 88645 | Zot:5    | Entered Level 5 of the Realm of Zot
 88688 | Zot:5    | Reached skill level 10 in Earth Magic
 88908 | Zot:5    | Reached skill level 10 in Transmutations
 89168 | Zot:5    | Reached XP level 26. HP: 232/246 MP: 37/37
 89602 | Zot:5    | Noticed an ancient lich
 89650 | Zot:5    | Noticed a dread lich
 89681 | Zot:5    | Killed a dread lich
 89684 | Zot:5    | Received a gift from Nemelex Xobeh
 89718 | Zot:5    | Noticed an orb of fire
 89744 | Zot:5    | Killed an orb of fire
 89821 | Zot:5    | Noticed an orb of fire
 90313 | Zot:5    | Killed an orb of fire
 90583 | Zot:5    | Reached skill level 23 in Fighting
 90614 | Zot:5    | Noticed an orb of fire
 90792 | Zot:5    | Noticed a dread lich
 90798 | Zot:5    | Gained mutation: Your body often deteriorates upon taking
                  | damage. [an orb of fire]
 90808 | Zot:5    | Killed an ancient lich
 90810 | Zot:5    | Killed an orb of fire
 90811 | Zot:5    | Killed a dread lich
 90860 | Zot:5    | Reached skill level 24 in Fighting
 91335 | Zot:5    | Got the Orb of Zot
 91438 | Zot:4    | Noticed Vielugum the pandemonium lord
 91482 | Zot:1    | Noticed a seraph
 91492 | Zot:1    | HP: 7/254 [angel/+2 whip of holy wrath[a seraph] (32)]
 91492 | Zot:1    | Demolished by a daeva

Illustrated notes

Levels and vault maps discovered:
D:1:      lightli_arrival_flooded_house, layout_loops_ring,
          ebering_ecumenical_altar_rust, minmay_stone_trees_large, minmay_tall_x
D:2:      cheibrodos_pilgrimage, layout_basic, minmay_tetromino_t2
D:3:      layout_loops_cross, amcnicky_altar_gilded,
          nicolae_qazlal_eye_of_the_storm, minmay_ogre_servants
D:4:      layout_basic, led_xom_imps, zin_purify, minmay_temple_entry_offerings
D:5:      wad_woods_stonehenge, layout_basic, nicolae_ru_sacrificial_ziggurat,
          serial_shops, shop, nicolae_shop_bloodbath_and_beyond,
          nicolae_shop_drivethru, shop, doesnt_shop_hydraphobe
D:6:      layout_loops_ring, elyvilon_altar_3, tgw_kikubaaqudgha, uniq_grinder
D:7:      layout_cave_pools, mainiacjoe_overflow_brackets, serial_gnoll_camp,
          gnoll_camp_mini_sergeant, gnoll_camp_mini_basic, gnoll_camp_mini_hut,
          gnoll_camp_medium_01, minmay_joined_circles, uniq_maggie
D:8:      layout_rooms, lemuel_doored_altar, fedhas_bush_and_centaur_altar,
          uniq_grum
D:9:      layout_loops_cross
D:10:     layout_long_grid, mainiacjoe_overflow_boulevard,
          mainiacjoe_overflow_small_starburst, dpeg_oklobed_lair,
          lightli_bailey_entry_fortress, nicolae_elemental_shop
D:11:     layout_basic, orc_0_dummy, serial_shops, nicolae_shop_real_fake_doors,
          shop, nicolae_square_shop, uniq_maurice
D:12:     layout_long_grid, serial_shops,
          nicolae_shop_temple_entry_statues_fountains, serial_glass,
          glass_columns_a, glass_columns_a, glass_columns_a, glass_columns_a,
          uniq_azrael
D:13:     layout_cave_pods, erik_vaults_1, grunt_ministairs_6,
          palyth_stone_intersect
D:14:     layout_loops_ring, nzn_hepliaklqana_mist_gate, uniq_roxanne,
          uniq_jorgrun
D:15:     grunt_enter_depths_magical_seal, layout_rooms,
          chequers_serial_rivers_micro_a
Temple:   cyrus_temple_forest
Lair:1:   layout_gridlike, grunt_megastairs_5
Lair:2:   lemuel_slime, layout_cave_pods, nicolae_swamp_entry_spooky,
          serial_bayou, serial_bayou_lake_a, serial_bayou_shore_b,
          serial_bayou_shore_b, serial_bayou_ford_a, roderic_carrion_pond
Lair:3:   layout_long_grid, guppyfry_snake_entry_garden,
          nicolae_volcano_entry_s_turn, lemuel_fruit_tree, uniq_snorg
Lair:4:   layout_roguey, grunt_megastairs_4
Lair:5:   minmay_lair_end_enchanted_forest, layout_loops_ring, slime_entry_1,
          ebering_ghost_rock_garden
Swamp:1:  layout_falls_marsh, evilmike_swamp_ruin_house_5
Swamp:2:  layout_basic_swamp, gammafunk_ghost_arena, hangedman_swamp_ruin_wall
Swamp:3:  nicolae_swamp_phyte_club, layout_basic_swamp,
          evilmike_swamp_ruin_rubble_2
Swamp:4:  swamp_alternative, layout_basic_swamp
Snake:1:  layout_layer_cave, special_room, grunt_ministairs_9, uniq_agnes,
          uniq_donald
Snake:2:  layout_gridlike, ebering_ghost_disaster_area,
          nicolae_snake_linked_coils
Snake:3:  nicolae_snake_crotalidae_crossing, layout_cave_town, serial_shops,
          bzr_firewalk, uniq_kirke, uniq_louise, uniq_vashnia, uniq_mara
Snake:4:  grunt_snake_rune_pools, layout_basic, ebering_ghost_xom
Orc:1:    layout_caves, serial_shops, shop
Orc:2:    st_orc_elflike, layout_caves, serial_shops, shop, elves_outpost_lemuel
Elf:1:    layout_gridlike, minmay_elf_annihilation,
          nicolae_elf_variegated_diamond
Elf:2:    nicolae_elf_blades_crystal_corner, layout_geoelf_grid, serial_shops,
          shop
Elf:3:    minmay_elf_hall_statues, layout_rooms, serial_shops,
          nicolae_diamond_shop, shop, nicolae_shop_statue_plus,
          hellmonk_bongcloud_opening, wad_dig_loot
Vaults:1: nicolae_vaults_little_ls, nicolae_vaults_network_star,
          nicolae_vaults_more_shelving_1, vaults_room_mumra_shop_pool,
          dpeg_vaults_monster_box, ontoclasm_vaults_pinch,
          layout_vaults_omnigrid
Vaults:2: nicolae_vaults_bisected_inception, nicolae_vaults_storage_room_glass,
          special_room_vaults [special_room_orc], v_misc_28,
          ontoclasm_vaults_chip, v_misc_23, v_misc_24,
          minmay_crypt_entry_necro_gods, nicolae_vaults_sightless_eye,
          nicolae_vaults_specimen_jars, nicolae_vaults_big_ls, v_misc_11,
          nicolae_vaults_door_testing_chamber, layout_vaults_big_room,
          serial_shops, nicolae_shop_hallway_stairs, uniq_sojobo, uniq_margery
Vaults:3: vaults_standard_mumra_lines, ontoclasm_vaults_twist,
          nicolae_vaults_house_2, nicolae_vaults_bisected_exclaves,
          nicolae_vaults_yaktaur_gun_rack, vaults_room_pools,
          hangedman_vaults_stream, nicolae_vaults_three_branches,
          hangedman_vaults_stitches, v_alt_pattern_4, vaults_room_semicircle,
          layout_vaults_omnicross, serial_shops, nicolae_shop_stone,
          nicolae_shop_tiny_real_fake_doors, nicolae_lakefront_shop, shop, shop
Vaults:4: nicolae_vaults_shipping_containers_5, v_misc_1,
          grunt_vaults_hallway_long, nicolae_vaults_oval_intersection,
          nicolae_vaults_circle_grid_b, vaults_dpeg_spiral,
          hangedman_vaults_maws, nicolae_vaults_storage_closets_2,
          hangedman_vaults_pinch, nicolae_vaults_rhombus_5,
          nicolae_vaults_surprise_closet, nicolae_vaults_variable_pillar_hall,
          layout_vaults_ring, serial_shops, shop, uniq_mennas, uniq_saint_roka,
          uniq_xtahua
Crypt:1:  layout_gridlike, hex_intersection
Crypt:2:  layout_rooms, grunt_megastairs_2, uniq_josephina, uniq_vv
Crypt:3:  cryptofortress_bobbens
Depths:1: layout_gridville, minmay_misc_feat_more_columns, abyss_entry,
          grunt_mini_vestibule, grunt_ministairs_15,
          hangedman_cracks_in_the_wall, uniq_asterion
Depths:2: regret_index_qazlal_generations, layout_gridlike, enter_ziggurat_d,
          chequers_jeans, rand_demon_pan_entry_7, serial_shops,
          nicolae_lakefront_shop, hell_entry, nicolae_dithmenos_the_darkroom,
          infiniplex_staircase_split_hallway, uniq_nikola
Depths:3: hangedman_crystal_crosses_colossus [crystal_crosses_arms_four,
          crystal_crosses_arms_two, crystal_crosses_arms_two,
          crystal_crosses_arms_one], hell_entry, abyss_entry, pan_entry,
          uniq_enchantress
Depths:4: grunt_zot_entry_bicorn, layout_twisted_cross, mu_enter_wizlab_2,
          abyss_entry, grunt_pan_entry_zigzag, nemelex_lonely_heart_becter,
          pf_hell_entry_tar_spiral, minmay_hollow_rounded_squares
Zot:1:    layout_misc_corridors, lemuel_flame_loot_1
Zot:2:    layout_cellular_growth
Zot:3:    nicolae_zot_stationary_front, layout_misc_corridors,
          hangedman_zot_diagonal_lockstep
Zot:4:    layout_gridlike
Zot:5:    layout_gridlike

Skill      XL: |  1  2  3  4  5  6  7  8  9 10 11 12 13 14 15 16 17 18 19 20 21 22 23 24 25 26 |
---------------+-------------------------------------------------------------------------------+-----
Stealth        | 1 2 3 4 6 8 |  8.0
Dodging        | 3 4 6 7 8 9 10 11 12 13 14 15 17 18 | 18.0
Long Blades    | 3 8 10 12 13 | 13.7
Short Blades   | 1 2 3 5 7 9 |  9.7
Shields        | 4 5 6 7 8 11 14 16 17 18 19 20 | 20.0
Fighting       | 4 6 8 9 10 12 13 14 15 16 18 20 21 22 24 | 24.0
Invocations    | 1 6 8 9 10 12 14 16 18 19 21 22 | 22.0
Throwing       | 3 4 5 8 11 16 18 19 | 19.0
Ranged Weapons | 4 |  4.0
Transmutations | 2 4 8 10 | 10.0
Earth Magic    | 2 6 7 10 | 10.0
Spellcasting   | 2 3 4 |  4.0
Evocations     | 6 12 | 12.0
Translocations | 5 6 |  6.0

Action                     |  1- 3 |  4- 6 |  7- 9 | 10-12 | 13-15 | 16-18 | 19-21 | 22-24 | 25-27 || total
---------------------------+-------+-------+-------+-------+-------+-------+-------+-------+-------++-------
  Melee: Long sword        |    93 |    51 |       |    94 |    63 |       |       |       |       ||   301
         Tailslap          |     7 |    27 |    84 |   195 |   254 |   254 |   450 |   761 |   283 ||  2315
         Dagger            |       |   172 |   511 |  1099 |    10 |     1 |    18 |    12 |    18 ||  1841
         Scimitar          |       |       |       |    13 |  1321 |  1258 |  1137 |       |       ||  3729
         Demon blade       |       |       |       |       |       |       |   872 |  2720 |  1011 ||  4603
   Fire: Sling             |       |    13 |    81 |    64 |   186 |       |       |       |       ||   344
  Throw: Dart              |       |       |       |    59 |    33 |     1 |    12 |     9 |    13 ||   127
         Boomerang         |       |       |       |       |    49 |   243 |    16 |    90 |     7 ||   405
         Throwing net      |       |       |       |       |       |     1 |     3 |       |       ||     4
         Javelin           |       |       |       |       |       |     7 |     8 |    11 |     7 ||    33
   Cast: Passwall          |       |       |       |       |     7 |       |       |     2 |     4 ||    13
         Wereblood         |       |       |       |       |       |       |       |    19 |    44 ||    63
         Blink             |       |       |       |       |       |       |       |       |     3 ||     3
 Invoke: Draw Destruction  |       |       |     4 |    13 |     8 |    30 |    10 |    19 |    13 ||    97
         Draw Summoning    |       |       |       |     5 |     5 |     6 |    17 |     5 |     2 ||    40
         Triple Draw       |       |       |       |     1 |       |     3 |     1 |     1 |       ||     6
         Draw Escape       |       |       |       |       |     1 |     4 |     3 |     5 |       ||    13
         Draw Stack        |       |       |       |       |       |    10 |    10 |    10 |    10 ||    40
         Deal Four         |       |       |       |       |       |     3 |     2 |     1 |     1 ||     7
         Stack Five        |       |       |       |       |       |     2 |     3 |     2 |     1 ||     8
  Evoke: Wand              |       |     2 |     3 |     7 |    12 |     4 |     8 |    15 |       ||    51
         Tin of tremorston |       |       |       |       |       |     3 |     5 |     5 |       ||    13
         Lightning rod     |       |       |       |       |       |     4 |     4 |    10 |       ||    18
         Phial of floods   |       |       |       |       |       |       |     1 |     3 |       ||     4
         Phantom mirror    |       |       |       |       |       |       |     1 |     1 |       ||     2
    Use: Scroll            |       |       |    10 |     6 |    15 |     7 |    11 |    11 |    10 ||    70
         Potion            |       |       |       |     1 |     1 |     6 |     7 |    15 |    15 ||    45
   Stab: Sleeping          |     2 |     1 |     4 |    13 |    11 |     8 |    18 |     3 |    11 ||    71
         Distracted        |       |       |       |     3 |     7 |     4 |    11 |    10 |     6 ||    41
         Petrified         |       |       |       |     1 |       |       |       |     2 |       ||     3
         Confused          |       |       |       |       |     2 |       |       |       |     1 ||     3
         Invisible         |       |       |       |       |       |     1 |     1 |     5 |    14 ||    21
         Held in net/web   |       |       |       |       |       |     1 |     1 |       |       ||     2
         Petrifying        |       |       |       |       |       |       |       |     3 |       ||     3
 Armour: Skin              |    29 |    53 |    94 |   157 |   426 |   408 |   464 |   362 |   199 ||  2192
  Dodge: Dodged            |    50 |   131 |   276 |   492 |  1243 |  1255 |  1436 |  1361 |   683 ||  6927
  Block: Buckler           |    15 |    36 |    95 |   498 |  1076 |   117 |       |       |       ||  1837
         Reflection        |       |       |       |    15 |    23 |    62 |   143 |    26 |    18 ||   287
         Kite shield       |       |       |       |       |       |  1135 |  2196 |  2247 |   963 ||  6541

Table legend: (Time is in decaauts)
 A = Elapsed time spent in this place.
 B = Non-inter-level travel time spent in this place.
 C = Inter-level travel time spent in this place.
 D = Time resting spent in this place.
 E = Time spent auto-exploring this place.
 F = Levels seen in this place.
 G = Mean time per level.
                   A        B        C        D        E       F      G
               +--------+--------+--------+--------+--------+-----+--------+
         Total |  89892 |  83062 |   6830 |   2013 |  59392 |  57 | 1577.1 |
       Dungeon |  17337 |  14965 |   2372 |     42 |  11235 |  15 | 1155.8 |
        Temple |     88 |     56 |     32 |      0 |     40 |   1 |   88.0 |
          Lair |   8298 |   7136 |   1162 |    151 |   4680 |   5 | 1659.6 |
         Swamp |   6604 |   6361 |    243 |      0 |   5100 |   4 | 1651.0 |
     Snake Pit |   8698 |   8332 |    366 |    200 |   6477 |   4 | 2174.5 |
  Orcish Mines |   5000 |   4516 |    484 |    258 |   3203 |   2 | 2500.0 |
   Elven Halls |   5284 |   4970 |    314 |     40 |   3371 |   3 | 1761.3 |
        Vaults |  11246 |  10637 |    609 |    320 |   8008 |   4 | 2811.5 |
         Crypt |   4471 |   4224 |    247 |     87 |   2463 |   3 | 1490.3 |
        Depths |  10782 |  10209 |    573 |    186 |   7508 |   4 | 2695.5 |
           Zot |   8495 |   8070 |    425 |    259 |   5674 |   5 | 1699.0 |
         Abyss |    685 |    685 |      0 |    264 |      6 |   3 |  228.3 |
        Bazaar |     48 |     48 |      0 |      0 |     22 |   1 |   48.0 |
        Bailey |    350 |    350 |      0 |      0 |    149 |   1 |  350.0 |
       Volcano |   1118 |   1118 |      0 |     93 |    627 |   1 | 1118.0 |
        Wizlab |   1380 |   1380 |      0 |    113 |    826 |   1 | 1380.0 |
               +--------+--------+--------+--------+--------+-----+--------+

Top non-repeatable levels by time:
Vaults:2: 3785 daAuts
Depths:2: 3513 daAuts
 Snake:4: 3219 daAuts
Depths:4: 3062 daAuts
Vaults:1: 3005 daAuts
 Swamp:3: 2631 daAuts
   Orc:2: 2611 daAuts
  Lair:5: 2593 daAuts
   Orc:1: 2389 daAuts
Vaults:3: 2323 daAuts
 Snake:3: 2281 daAuts
   Zot:5: 2269 daAuts
Depths:1: 2148 daAuts
Vaults:4: 2131 daAuts
Depths:3: 2058 daAuts
